 Dungeon Crawl Stone Soup version 0.27-a0-1136-g0b992a5a9d (webtiles) character file.

Game seed: 9496284729743128674

2 jestyr24 the Magician (level 1, 15/15 HPs)
             Began as a Djinni Air Elementalist on May 4, 2021.
             Was a Follower of Wu Jian.
             Quit the game on level 1 of the Dungeon.
             The game lasted 00:00:37 (436 turns).

jestyr24 the Magician (Djinni Air Elementalist)      Turns: 436, Time: 00:00:38

Health: 15/15      AC:  2    Str:  7    XL:     1   Next: 40%
Gold:   15         EV: 12    Int: 16    God:    Wu Jian [*.....] SH:  0 Dex: 13

rFire    + + .     SeeInvis .   (no weapon)
rCold    x . .     Faith    .   (no shield)
rNeg     . . .     Spirit   .   a - +0 robe
rPois    ∞         Reflect  .   (no helmet)
rElec    .         Harm     .   (no cloak)
rCorr    .         Rampage  .   (no gloves)
Will     .....                  (boots unavailable)
Stlth    ++........             (no amulet)
HPRegen  0.05/turn              (no ring)
MPRegen  0.00/turn              (no ring)

@: flying
A: sickness immunity, fire resistance 2, cold vulnerability 1, float, innate
caster, hp casting, extra vitality 1
a: Renounce Religion


You were on level 1 of the Dungeon.
You worshipped Wu Jian.
Wu Jian was aware of your devotion.
You visited 1 branch of the dungeon, and saw 1 of its levels.

You collected 15 gold pieces.

Inventory:

Armour
 a - a +0 robe (worn)
Scrolls
 b - a scroll of enchant weapon {unknown}
 c - a scroll of brand weapon {unknown}
 d - a scroll of amnesia {unknown}
 e - a scroll of identify {unknown}
Potions
 f - 2 potions of attraction {unknown}


   Skills:
 + Level 2.2 Dodging
 + Level 1.6 Stealth
 + Level 2.8 Spellcasting


You couldn't memorise any spells.
You knew the following spells:

 Your Spells              Type           Power      Damage    Failure   Level
a - Shock                 Conj/Air       44%        1d5       6%          1
b - Static Discharge      Conj/Air       11%        N/A       9%          2
c - Swiftness             Air            11%        N/A       19%         3
d - Airstrike             Air            5%         N/A       52%         4
e - Lightning Bolt        Conj/Air       5%         1d17      86%         5
Your spell library was empty.

Dungeon Overview and Level Annotations

Branches:
Dungeon (1/15)

Altars:
Wu Jian


Innate Abilities, Weirdness & Mutations

You are immune to sickness and miasma.
You are immune to poison.
Your flesh is very heat resistant. (rF++)
You are vulnerable to cold. (rC-)
You float through the air rather than walking.
You learn spells naturally, not from books.
Your magical power is your life essence.
You have superior vitality. (+4 HP)


Message History

The zap hits the endoplasm.
The endoplasm is heavily wounded.
The endoplasm quivers.
An endoplasm is nearby!
You miscast Shock.
You are very lightly contaminated with residual magic.
Nothing appears to happen.
You spin and attack the endoplasm.
You hit the endoplasm but do no damage.
The endoplasm is heavily wounded.
The endoplasm barely misses you.
You spin and attack the endoplasm.
You hit the endoplasm but do no damage.
The endoplasm is heavily wounded.
The endoplasm misses you.
The zap hits the endoplasm.
You kill the endoplasm!
The Council accepts your kill.
Your magical contamination has completely faded away.
HP restored.
You now have 15 gold pieces (gained 8).
You reach down and open the door.
Found a ring mail.
There is an open door here.
You reach down and open the door.
There is an open door here.
A goblin comes into view. It is wielding a +0 club.
The zap hits the goblin.
The goblin is almost dead.
The goblin shouts!
The zap hits the goblin.
You kill the goblin!
The Council accepts your kill.
Found a thick leatherbound book.
e - a scroll labelled BOSIMI AWNUPUD
f - 2 murky sapphire potions You reach down and open the door.
There is an open door here.
You reach down and open the door.
There is an open door here.
Found a stone staircase leading down.
Are you sure you want to abandon this character and quit the game? (Confirm with "yes".)

#######.. ......... ..>. .#
.#....... ...###.# .#..:....
#......### .#.......
#........# ...#.....
#........+ .########
#........#### ........
#........+..# .#######
#....@...##.# .#
#........##.#######
.###########........##.#.....#
.##.................##.#.###.#
....########.######......# #.#
........###....# #.##.#####.#
.............#.# #.#........#
.#####.#####.#.####.#..#######
..# #.......#.........#######


There were no monsters in sight!

Vanquished Creatures
  An endoplasm (D:1)
  A goblin (D:1)
2 creatures vanquished.

Notes
Turn   | Place    | Note
-------+----------+-------------------------------------------
     0 | D:1      | jestyr24 the Djinni Air Elementalist began the quest for
                  | the Orb.
     0 | D:1      | Reached XP level 1. HP: 15/15 MP: 0/0
   164 | D:1      | Found a faded altar of an unknown god.
   166 | D:1      | Became a worshipper of the Wu Jian Council
   166 | D:1      | Reached * piety under Wu Jian
   436 | D:1      | Quit the game

Illustrated notes

Levels and vault maps discovered:
D:1:      minmay_arrival_four_loops, layout_basic,
          chequers_ecumenical_altar_twisty

Action                   || total
-------------------------++-------
Melee: Unarmed           ||     2
 Cast: Shock             ||     4
Invok: Whirlwind         ||     2
Dodge: Dodged            ||     2

Table legend: (Time is in decaauts)
 A = Elapsed time spent in this place.
 B = Non-inter-level travel time spent in this place.
 C = Inter-level travel time spent in this place.
 D = Time resting spent in this place.
 E = Time spent auto-exploring this place.
 F = Levels seen in this place.
 G = Mean time per level.
                   A        B        C        D        E       F      G
               +--------+--------+--------+--------+--------+-----+--------+
         Total |    436 |    436 |      0 |      0 |    416 |   1 |  436.0 |
       Dungeon |    436 |    436 |      0 |      0 |    416 |   1 |  436.0 |
               +--------+--------+--------+--------+--------+-----+--------+

Top non-repeatable levels by time:
     D:1: 436 daAuts
